 Dungeon Crawl Stone Soup version 0.23-a0-671-g42e8185 (webtiles) character file.

813 DrEnzyme the Skirmisher (level 7, 0/63 HPs)
             Began as a Centaur Wanderer on Jan 8, 2019.
             Was a Follower of the Shining One.
             Killed from afar by a crimson imp (5 damage)
             ... with a wand of acid (4)
             ... on level 4 of the Dungeon.
             The game lasted 00:34:57 (8431 turns).

DrEnzyme the Skirmisher (Centaur Wanderer)          Turns: 8431, Time: 00:34:58

Health: 0/63       AC:  8    Str: 16    XL:     7   Next: 61%
Magic:  7/7        EV:  4    Int: 10    God:    the Shining One [*.....]
Gold:   129        SH:  4    Dex: 10    Spells: 6/6 levels left

rFire    . . .     SeeInvis .   a - +0 spear
rCold    . . .     Gourm    .   (no shield)
rNeg     . . .     Faith    .   h - +0 chain mail
rPois    .         Spirit   .   (no helmet)
rElec    .         Reflect  +   (no cloak)
rCorr    .         Harm     .   i - +0 pair of gloves
MR       .....                  (no barding)
Stlth    ..........             C - +4 amulet of reflection
HPRegen  0.20/turn              x - ring of attention (curse)
MPRegen  0.10/turn              (no ring)

@: lethally poisoned (0 -> -2), glowing, very quick
A: large, hooves 3, deformed body, speed 2, tough skin 3
a: Renounce Religion


You were on level 4 of the Dungeon.
You worshipped the Shining One.
The Shining One was aware of your devotion.
You were hungry.

You visited 1 branch of the dungeon, and saw 5 of its levels.

You collected 129 gold pieces.

Inventory:

Hand Weapons
 a - a +0 spear (weapon)
 b - a +0 hunting sling
 t - a +0 halberd
 u - a +2 blowgun
Missiles
 e - 2 curare-tipped needles
 l - 181 stones (quivered)
 m - 104 arrows
 o - 77 sling bullets
 s - 25 bolts
Armour
 d - a +0 robe
 h - a +0 chain mail (worn)
 i - a +0 pair of gloves (worn)
Jewellery
 x - a cursed ring of attention (left hand)
 C - a +4 amulet of reflection (around neck)
Wands
 y - a wand of random effects (8)
 B - a wand of disintegration (14)
Scrolls
 c - 3 scrolls of teleportation
 g - a scroll of immolation {unknown}
 k - 2 scrolls of identify
 n - a scroll of enchant weapon {unknown}
 p - 2 scrolls of magic mapping {unknown}
 r - 2 scrolls of remove curse
 A - a scroll of random uselessness {unknown}
Potions
 j - 3 potions of haste
 v - 2 potions of agility
 w - a potion of degeneration {unknown}
 z - 2 potions of lignification {unknown}
Comestibles
 f - 3 rations


   Skills:
 * Level 6.2 Fighting
   Level 1.1 Short Blades
 * Level 3.2 Polearms
 + Level 4.8(5.1) Slings
   Level 2.6 Bows
 - Level 2.5(4.0) Throwing
 - Level 1.0 Armour
 - Level 1.1 Stealth
 - Level 1.0 Unarmed Combat


You had 6 spell levels left.
You didn't know any spells.
Your spell library was empty.

Dungeon Overview and Level Annotations

Branches:
Dungeon (5/15)
 Temple: D:4-7

Altars:
Ashenzari
Fedhas
Qazlal
Trog
Vehumet
Wu Jian
Xom
The Shining One

Annotations:
D:1 exclusion: downstairs
D:4 1 runed door, exclusions: door and downstairs
D:5 Sigmund


Innate Abilities, Weirdness & Mutations

You have hooves in place of feet.
Armour fits poorly on your strangely shaped body.
You cover ground very quickly.
You have extremely tough skin. (AC +3)


Message History

You hit the adder.
You kill the adder!
You feel sick.
The centaur shoots an arrow.
The arrow hits you.
The centaur shoots an arrow.
The arrow hits you.
You feel sick.
The centaur shoots an arrow.
The arrow hits you.
You see here an arrow.
The centaur shoots an arrow.
The arrow barely misses you.
There is a stone staircase leading up, spattered with blood here.
The centaur shoots an arrow.
The arrow hits you.
You climb upwards.
Level annotation: 1 runed door, exclusions: door and downstairs You feel sick.
The crimson imp lashes its tail.
The crimson imp zaps a wand.
The bolt of acid hits you!
* * * LOW HITPOINT WARNING * * *
You are splashed with acid!
The acid burns!
The Shining One protects you from harm!
The crimson imp zaps a wand.
The bolt of acid hits you!
You die...

#.#.#.##.......####.#.######
#.#.#.##.......##.#.#.#.....
#.#.#............)#.#.#.####
#.#.###...#.##.##.#.#.#'####
#.#...'...#.##.##.#.#......#
#.#####...#.##.##.#.#......#
#.#####.###.##.##.#.######.#
#.##....# #5##.#......^8^..#
#.##.#### #@##.###...#####..
#.##.######[[..............#
#..............###..#.#.##.#
######'########..#
#..#.#.##.# #.......# #..#
#..#.#.##.# #.##....#
#..###..#.#.##.# #.#######
#####...#.#.##.. #.#
#..##.#.#### #.###♣♣♣♣♣
#####.#.#


You could see a crimson imp.

Vanquished Creatures
  Edmund (D:3)
  A sky beast (D:4)
  Blork the orc (D:4)
  A howler monkey (D:4)
  2 crimson imps (D:5)
  2 orc priests (D:4)
  2 orc wizards (D:4)
  An iguana (D:5)
  Terence (D:3)
  3 worker ants (D:4)
  3 gnolls (D:2)
  A howler monkey skeleton (D:4)
  8 adders
  2 adder skeletons (D:5)
  A worm (D:4)
  A dart slug (D:2)
  6 leopard geckos
  6 orcs
  8 bats
  4 giant cockroaches
  7 goblins
  6 hobgoblins
  5 jackals
  A quokka (D:3)
  A ball python (D:4)
  A frilled lizard (D:2)
  8 kobolds
  11 rats
95 creatures vanquished.

Notes
Turn   | Place    | Note
-------+----------+-------------------------------------------
     0 | D:1      | DrEnzyme the Centaur Wanderer began the quest for the Orb.
     0 | D:1      | DrEnzyme set off with the following items: 2 curare-tipped
                  | needles, a +2 blowgun, 2 scrolls of teleportation, a +0
                  | robe, a +0 dagger, a ration
     0 | D:1      | Reached XP level 1. HP: 19/19 MP: 1/1
   330 | D:1      | Reached XP level 2. HP: 24/26 MP: 2/2
   937 | D:2      | Found a blossoming altar of Fedhas.
  1093 | D:2      | Reached XP level 3. HP: 28/33 MP: 3/3
  1099 | D:2      | Reached skill level 4 in Fighting
  1491 | D:2      | Reached skill level 1 in Short Blades
  1565 | D:2      | Found a shattered altar of Ashenzari.
  1919 | D:2      | Reached XP level 4. HP: 33/41 MP: 4/4
  3049 | D:3      | Found a radiant altar of Vehumet.
  3150 | D:3      | Found a bloodstained altar of Trog.
  3150 | D:3      | Found a faded altar of an unknown god.
  3155 | D:3      | Found a stormy altar of Qazlal.
  3157 | D:3      | Found a glowing golden altar of the Shining One.
  3158 | D:3      | Found a shimmering altar of Xom.
  3176 | D:3      | Became a worshipper of the Shining One
  3593 | D:3      | Reached XP level 5. HP: 47/47 MP: 5/5
  3689 | D:3      | Noticed Terence
  3815 | D:3      | Killed Terence
  3815 | D:3      | Reached skill level 1 in Slings
  4273 | D:4      | Reached skill level 5 in Fighting
  4273 | D:4      | Reached skill level 1 in Polearms
  4492 | D:4      | Noticed Blork the orc
  4756 | D:4      | Noticed Edmund
  4927 | D:3      | Killed Edmund
  4927 | D:3      | Reached XP level 6. HP: 56/56 MP: 6/6
  5102 | D:4      | Found the +3 giant club "Skullcrusher" {speed, Str+7}
  5468 | D:4      | Found an ornate altar of the Wu Jian Council.
  5651 | D:4      | Killed Blork the orc
  6017 | D:4      | Noticed a sky beast
  6047 | D:4      | Killed a sky beast
  6047 | D:4      | Reached XP level 7. HP: 62/62 MP: 7/7
  6706 | D:4      | Found a runed door.
  6738 | D:5      | Entered Level 5 of the Dungeon
  6897 | D:5      | Reached skill level 6 in Fighting
  7083 | D:5      | The Shining One protects you from harm!
  7441 | D:5      | Noticed Sigmund
  7513 | D:5      | Reached * piety under the Shining One
  8431 | D:4      | The Shining One protects you from harm!
  8431 | D:4      | Killed from afar by a crimson imp

Vault maps used:
D:1:      lemuel_arrival_broad_hall
D:2:      nicolae_overflow_hidden_temple, evilmike_ruin_ashenzari
D:3:      fiery_altar_vehumet, chequers_temple_overflow_minitemple,
          first_ration, minmay_misc_feat_ornament, serial_park_tiny_2,
          uniq_terence
D:4:      lemuel_crystal_altar, ebering_dispersal_statue_hall, uniq_edmund,
          uniq_blork_the_orc, uniq_crazy_yiuf_cottage
D:5:      eat_drink_and_be_merry_uskayaw, uniq_sigmund

Skill      XL: |  1  2  3  4  5  6  7 |
---------------+----------------------+-----
Fighting       | 4 5 6 |  6.2
Short Blades   | 1 |  1.1
Throwing       | 2 |  2.5
Slings         | 3 4 |  4.8
Polearms       | 1 2 3 |  3.2
Bows           | |  2.6
Armour         | |  1.0
Stealth        | |  1.1
Unarmed Combat | |  1.0

Action                   |  1- 3 |  4- 6 |  7- 9 || total
-------------------------+-------+-------+-------++-------
Melee: Dagger            |   154 |     6 |       ||   160
       Kick              |    27 |     9 |    32 ||    68
       Spear             |       |    63 |   152 ||   215
       Punch             |       |     1 |       ||     1
 Fire: Hunting sling     |       |   136 |       ||   136
Throw: Stone             |    22 |     1 |       ||    23
       Javelin           |     9 |    19 |     5 ||    33
  Use: Scroll            |     1 |     1 |     2 ||     4
       Potion            |       |       |     2 ||     2
  Eat: Chunk             |     2 |     4 |     2 ||     8
       Ration            |       |     2 |     1 ||     3
Armor: Robe              |    63 |    17 |       ||    80
       Chain mail        |       |    20 |    84 ||   104
Dodge: Dodged            |    74 |    20 |    24 ||   118
Block: Other             |       |       |    13 ||    13
       Reflection        |       |       |     1 ||     1

Table legend:
 A = Non-vault XP
 B = Vault XP
 C = Vault XP percentage of total XP
 D = Non-vault monster count
 E = Vault monster count
 F = Vault count percentage of total count
                 A         B        C        D         E       F
            +---------+---------+-------+---------+---------+-------
      Total |     864 |     298 |  25.6 |      92 |       3 |   3.2
            +---------+---------+-------+---------+---------+-------
        D:1 |      32 |       0 |   0.0 |      22 |       0 |   0.0
        D:2 |     116 |       0 |   0.0 |      29 |       0 |   0.0
        D:3 |      53 |     208 |  79.7 |      14 |       2 |  12.5
        D:4 |     497 |      90 |  15.3 |      17 |       1 |   5.6
        D:5 |     166 |       0 |   0.0 |      10 |       0 |   0.0
            +---------+---------+-------+---------+---------+-------
